| TOP OF THE 1ST |
|
Iowa Cubs batting - Pitching for Reno Aces : LHP Randy Eisenmann
|
|
Pitching: LHP Randy Eisenmann
|
|
|
Batting: RHB Jason Ostrom
|
0-0: Called Strike 0-1: Ball 1-1: Ball 2-1: Ball 3-1: Swinging Strike 3-2: Strikes out looking
|
|
Batting: RHB Andy Wasierski
|
0-0: Ball 1-0: Fly out, F4 (Popup, 4, EV 72.5 MPH)
|
|
Batting: RHB Adam O'Hare
|
0-0: Ball 1-0: Called Strike 1-1: Ground out 6-3 (Groundball, 6, EV 83.8 MPH)
|
| Top of the 1st over - 0 runs, 0 hits, 0 errors, 0 left on base; Iowa 0 - Reno 0 |
| BOTTOM OF THE 1ST |
|
Reno Aces batting - Pitching for Iowa Cubs : RHP Josh Ready
|
|
Pitching: RHP Josh Ready
|
|
|
Batting: RHB Ji-an Li
|
0-0: Ball 1-0: Called Strike 1-1: Ball 2-1: Ground out 6-3 (Groundball, 6, EV 103.1 MPH)
|
|
Batting: LHB Kyle Beaulieu
|
0-0: Ball 1-0: Ground out 1-3 (Groundball, 15S, EV 60.6 MPH)
|
|
Batting: RHB Dave Vargas
|
0-0: Ball 1-0: Foul Ball, location: 2F 1-1: Ball 2-1: Ball 3-1: Base on Balls
|
|
Batting: LHB Bobby Arevalo
|
0-0: Ball 1-0: Ground out 2-3 (Groundball, 13S, EV 66.2 MPH)
|
| Bottom of the 1st over - 0 runs, 0 hits, 0 errors, 1 left on base; Iowa 0 - Reno 0 |
| TOP OF THE 2ND |
|
Iowa Cubs batting - Pitching for Reno Aces : LHP Randy Eisenmann
|
|
Batting: RHB Pat Barton
|
0-0: Swinging Strike 0-1: Ball 1-1: Foul Ball, location: 2F 1-2: Strikes out swinging
|
|
Batting: RHB Brian Gargis
|
0-0: Swinging Strike 0-1: Swinging Strike 0-2: SINGLE (Line Drive, 34D, EV 93.8 MPH)
|
|
Batting: SHB Art Kent
|
0-0: Called Strike 0-1: Grounds into double play, 5-4-3 (Groundball, 56, EV 85.6 MPH)
|
| Top of the 2nd over - 0 runs, 1 hit, 0 errors, 0 left on base; Iowa 0 - Reno 0 |
| BOTTOM OF THE 2ND |
|
Reno Aces batting - Pitching for Iowa Cubs : RHP Josh Ready
|
|
Batting: LHB Jeff Taylor
|
0-0: Called Strike 0-1: Fly out, F9 (Flyball, 89S, EV 95.0 MPH)
|
|
Batting: RHB Ruben Garza
|
0-0: Ball 1-0: Ball 2-0: Called Strike 2-1: Ball 3-1: Fly out, F3 (Popup, 3SF, EV 72.5 MPH)
|
|
Batting: LHB Ian Jarvis
|
0-0: Ball 1-0: Called Strike 1-1: Foul Ball, location: 2F 1-2: Fly out, F8 (Flyball, 8RD, EV 95.6 MPH)
|
| Bottom of the 2nd over - 0 runs, 0 hits, 0 errors, 0 left on base; Iowa 0 - Reno 0 |
| TOP OF THE 3RD |
|
Iowa Cubs batting - Pitching for Reno Aces : LHP Randy Eisenmann
|
|
Batting: RHB Tony Mendez
|
0-0: Ball 1-0: Called Strike 1-1: Ball 2-1: Foul Ball, location: 2F 2-2: Ground out 4-3 (Groundball, 34, EV 108.8 MPH)
|
|
Batting: RHB Sung-hwan Jung
|
0-0: Called Strike 0-1: Ball 1-1: SINGLE (Line Drive, 3D, EV 98.8 MPH)
|
|
Batting: RHB Adam Kelliher
|
0-0: Called Strike 0-1: Ball 1-1: Grounds into double play, 6-4-3 (Groundball, 6, EV 96.2 MPH)
|
| Top of the 3rd over - 0 runs, 1 hit, 0 errors, 0 left on base; Iowa 0 - Reno 0 |
| BOTTOM OF THE 3RD |
|
Reno Aces batting - Pitching for Iowa Cubs : RHP Josh Ready
|
|
Pitching: RHP Chris Allen
|
|
|
Batting: LHB Steve Reinhart
|
0-0: Ball 1-0: Foul Ball, location: 2F 1-1: Ball 2-1: SINGLE (Flyball, 8RS, EV 91.2 MPH)
|
|
Batting: LHB Sumiki Okuhara
|
0-0: Ball 1-0: Ball 2-0: Fielders Choice at 2nd, 6-4 (Groundball, 6D, EV 85.0 MPH)
|
|
Batting: RHB Ji-an Li
|
0-0: Ball 1-0: Foul Ball, location: 2F 1-1: Foul Ball, location: 2F 1-2: Ball 2-2: Ball Sumiki Okuhara steals 2nd base 3-2: Ground out 4-3 (Groundball, 4S, EV 84.4 MPH) Sumiki Okuhara to third
|
|
Batting: LHB Kyle Beaulieu
|
0-0: Ground out 4-3 (Groundball, 4S, EV 63.1 MPH)
|
| Bottom of the 3rd over - 0 runs, 1 hit, 0 errors, 1 left on base; Iowa 0 - Reno 0 |
| TOP OF THE 4TH |
|
Iowa Cubs batting - Pitching for Reno Aces : LHP Randy Eisenmann
|
|
Batting: RHB Jason Ostrom
|
0-0: Ball 1-0: Foul Ball, location: 2F 1-1: Ball 2-1: Foul Ball, location: 2F 2-2: Strikes out looking
|
|
Batting: RHB Andy Wasierski
|
0-0: Ball 1-0: Foul Ball, location: 2F 1-1: Ball 2-1: Foul Ball, location: 2F 2-2: Foul Ball, location: 2F 2-2: Strikes out looking
|
|
Batting: RHB Adam O'Hare
|
0-0: Foul Ball, location: 2F 0-1: Ball 1-1: Foul Ball, location: 2F 1-2: Strikes out looking
|
| Top of the 4th over - 0 runs, 0 hits, 0 errors, 0 left on base; Iowa 0 - Reno 0 |
| BOTTOM OF THE 4TH |
|
Reno Aces batting - Pitching for Iowa Cubs : RHP Chris Allen
|
|
Batting: RHB Dave Vargas
|
0-0: Ball 1-0: Called Strike 1-1: Ball 2-1: Called Strike 2-2: Ball 3-2: Foul Ball, location: 2F 3-2: Fly out, F9 (Flyball, 89D, EV 75.6 MPH)
|
|
Batting: LHB Bobby Arevalo
|
0-0: Ball 1-0: Foul Ball, location: 2F 1-1: Foul Ball, location: 2F 1-2: SINGLE (Groundball, 6D, EV 100.0 MPH)
|
|
Batting: LHB Jeff Taylor
|
0-0: Ball 1-0: Foul Ball, location: 2F 1-1: Called Strike 1-2: Ball 2-2: Foul Ball, location: 2F 2-2: Fly out, F6 (Popup, 56, EV 75.6 MPH)
|
|
Batting: RHB Ruben Garza
|
0-0: Ball 1-0: Ball 2-0: Ball 3-0: Called Strike 3-1: Called Strike 3-2: Strikes out looking
|
| Bottom of the 4th over - 0 runs, 1 hit, 0 errors, 1 left on base; Iowa 0 - Reno 0 |
| TOP OF THE 5TH |
|
Iowa Cubs batting - Pitching for Reno Aces : LHP Randy Eisenmann
|
|
Batting: RHB Pat Barton
|
0-0: Ball 1-0: Ball 2-0: Called Strike 2-1: Ball 3-1: Base on Balls
|
|
Batting: RHB Brian Gargis
|
0-0: Called Strike 0-1: Swinging Strike 0-2: Ball 1-2: Ball 2-2: Strikes out swinging
|
|
Batting: SHB Art Kent
|
0-0: Ball 1-0: Fielders Choice at 2nd, 5-4 (Groundball, 5L, EV 83.8 MPH)
|
|
Batting: RHB Tony Mendez
|
0-0: Ball 1-0: Ball 2-0: Ball 3-0: Called Strike 3-1: Base on Balls Art Kent to second
|
|
Batting: RHB Sung-hwan Jung
|
0-0: Ball 1-0: Ball 2-0: Swinging Strike 2-1: Called Strike 2-2: 3-RUN HOME RUN (Flyball, 7LD, EV 94.4 MPH), Distance : 353 ft
|
|
Batting: RHB Adam Kelliher
|
0-0: Fly out, F7 (Flyball, 7, EV 89.4 MPH)
|
| Top of the 5th over - 3 runs, 1 hit, 0 errors, 0 left on base; Iowa 3 - Reno 0 |
| BOTTOM OF THE 5TH |
|
Reno Aces batting - Pitching for Iowa Cubs : RHP Chris Allen
|
|
Batting: LHB Ian Jarvis
|
0-0: Called Strike 0-1: Ball 1-1: Foul Ball, location: 2F 1-2: Strikes out swinging
|
|
Batting: LHB Steve Reinhart
|
0-0: Foul Ball, location: 2F 0-1: Ball 1-1: Ball 2-1: Called Strike 2-2: Ball 3-2: Foul Ball, location: 2F 3-2: Base on Balls
|
|
Pitching: RHP Michele Montella
|
|
|
Batting: LHB Sumiki Okuhara
|
0-0: Ball 1-0: Ball 2-0: Fielders Choice at 2nd, 5-4 (Groundball, 56S, EV 90.0 MPH)
|
|
Batting: RHB Ji-an Li
|
0-0: Ball Sumiki Okuhara steals 2nd, throwing error, E2 Sumiki Okuhara to third 1-0: Foul Ball, location: 2F 1-1: DOUBLE (Flyball, 89D, EV 105.0 MPH) Sumiki Okuhara scores
|
|
Batting: LHB Kyle Beaulieu
|
0-0: Foul Ball, location: 2F 0-1: Called Strike 0-2: Strikes out swinging
|
| Bottom of the 5th over - 1 run, 1 hit, 1 error, 1 left on base; Iowa 3 - Reno 1 |
| TOP OF THE 6TH |
|
Iowa Cubs batting - Pitching for Reno Aces : LHP Randy Eisenmann
|
|
Batting: RHB Jason Ostrom
|
0-0: Foul Ball, location: 2F 0-1: Ball 1-1: Ground out 6-3 (Groundball, 6, EV 82.5 MPH)
|
|
Batting: RHB Andy Wasierski
|
0-0: Ball 1-0: Called Strike 1-1: Foul Ball, location: 2F 1-2: Strikes out swinging
|
|
Batting: RHB Adam O'Hare
|
0-0: Ball 1-0: Called Strike 1-1: Foul Ball, location: 2F 1-2: Strikes out looking
|
| Top of the 6th over - 0 runs, 0 hits, 0 errors, 0 left on base; Iowa 3 - Reno 1 |
| BOTTOM OF THE 6TH |
|
Reno Aces batting - Pitching for Iowa Cubs : RHP Michele Montella
|
|
Batting: RHB Dave Vargas
|
0-0: Called Strike 0-1: Foul Ball, location: 2F 0-2: Ball 1-2: Strikes out swinging
|
|
Batting: LHB Bobby Arevalo
|
0-0: Called Strike 0-1: Foul Ball, location: 2F 0-2: Ball 1-2: Ball 2-2: Foul Ball, location: 2F 2-2: Ball 3-2: SINGLE (Groundball, 34D, EV 93.8 MPH)
|
|
Batting: LHB Jeff Taylor
|
0-0: Called Strike 0-1: Swinging Strike 0-2: Ball 1-2: Strikes out swinging
|
|
Batting: RHB Ruben Garza
|
0-0: Ball 1-0: Called Strike 1-1: Called Strike Bobby Arevalo steals 2nd base 1-2: Ball 2-2: Foul Ball, location: 2F 2-2: Fly out, F4 (Line Drive, 4M, EV 68.1 MPH)
|
| Bottom of the 6th over - 0 runs, 1 hit, 0 errors, 1 left on base; Iowa 3 - Reno 1 |
| TOP OF THE 7TH |
|
Iowa Cubs batting - Pitching for Reno Aces : LHP Randy Eisenmann
|
|
Batting: RHB Pat Barton
|
0-0: Ball 1-0: Called Strike 1-1: Called Strike 1-2: Ball 2-2: Ground out 4-3 (Groundball, 4, EV 107.5 MPH)
|
|
Batting: RHB Brian Gargis
|
0-0: Ball 1-0: Called Strike 1-1: Foul Ball, location: 2F 1-2: Ball 2-2: Ball 3-2: Foul Ball, location: 2F 3-2: Strikes out swinging
|
|
Batting: SHB Art Kent
|
0-0: Ball 1-0: Fly out, F8 (Flyball, 8RM, EV 91.2 MPH)
|
| Top of the 7th over - 0 runs, 0 hits, 0 errors, 0 left on base; Iowa 3 - Reno 1 |
| BOTTOM OF THE 7TH |
|
Reno Aces batting - Pitching for Iowa Cubs : RHP Michele Montella
|
|
Pitching: RHP Ryan Masterson
|
|
|
Batting: LHB Ian Jarvis
|
0-0: Called Strike 0-1: Called Strike 0-2: Foul Ball, location: 2F 0-2: Strikes out swinging
|
|
Batting: LHB Steve Reinhart
|
0-0: Foul Ball, location: 2F 0-1: Swinging Strike 0-2: Reached on error, E4 (Groundball, 4, EV 78.1 MPH)
|
|
Batting: LHB Sumiki Okuhara
|
0-0: Called Strike 0-1: Foul Ball, location: 2F 0-2: Ball 1-2: Ball 2-2: Ball 3-2: Ground out 4-3 (Groundball, 34S, EV 80.6 MPH) Steve Reinhart to second
|
|
Batting: RHB Ji-an Li
|
0-0: Called Strike 0-1: Ball 1-1: Swinging Strike 1-2: Foul Ball, location: 2F 1-2: Strikes out swinging
|
| Bottom of the 7th over - 0 runs, 0 hits, 1 error, 1 left on base; Iowa 3 - Reno 1 |
| TOP OF THE 8TH |
|
Iowa Cubs batting - Pitching for Reno Aces : LHP Randy Eisenmann
|
|
Batting: RHB Tony Mendez
|
0-0: Called Strike 0-1: Swinging Strike 0-2: Foul Ball, location: 2F 0-2: Ball 1-2: Strikes out looking
|
|
Pitching: RHP Stanford Placard
|
|
|
Batting: RHB Sung-hwan Jung
|
0-0: Ball 1-0: SINGLE (Line Drive, 56, EV 98.1 MPH)
|
|
Batting: RHB Adam Kelliher
|
0-0: Swinging Strike 0-1: Ball 1-1: Ball 2-1: Ball 3-1: Foul Ball, location: 2F 3-2: Fielders Choice at 2nd, 6-4 (Groundball, 6M, EV 98.8 MPH)
|
|
Batting: RHB Jason Ostrom
|
0-0: Foul Ball, location: 2F 0-1: Fly out, F9 (Flyball, 89S, EV 90.6 MPH)
|
| Top of the 8th over - 0 runs, 1 hit, 0 errors, 1 left on base; Iowa 3 - Reno 1 |
| BOTTOM OF THE 8TH |
|
Reno Aces batting - Pitching for Iowa Cubs : RHP Ryan Masterson
|
|
Batting: LHB Kyle Beaulieu
|
0-0: Called Strike 0-1: Called Strike 0-2: Ball 1-2: Ball 2-2: Ball 3-2: Reached on error, E6 (Groundball, 6M, EV 86.2 MPH)
|
|
Batting: RHB Dave Vargas
|
0-0: SINGLE (Groundball, 6M, EV 107.5 MPH) Kyle Beaulieu to second Runner from 2nd tries for 3rd, SAFE, throw by CF made to third
|
|
Pitching: RHP Willie Ramos
|
|
|
Batting: LHB Bobby Arevalo
|
0-0: Foul Ball, location: 2F 0-1: Ball 1-1: Swinging Strike 1-2: Fly out, F9 (Line Drive, 9S, EV 93.8 MPH)
|
|
Batting: LHB Jeff Taylor
|
0-0: Swinging Strike 0-1: Ball 1-1: Ball 2-1: Foul Ball, location: 2F 2-2: SINGLE (Line Drive, 4MD, EV 103.1 MPH) Kyle Beaulieu scores Dave Vargas to second
|
|
Batting: RHB Ruben Garza
|
0-0: SINGLE (Groundball, 56D, EV 103.8 MPH) Dave Vargas to third Jeff Taylor to second Runner from 3rd tries for Home, throw by LF and OUT! 7-2 Jeff Taylor to third Ruben Garza to second
|
|
Batting: LHB Ian Jarvis
|
0-0: Foul Ball, location: 2F 0-1: Ball 1-1: Ball 2-1: Called Strike 2-2: Strikes out looking
|
| Bottom of the 8th over - 1 run, 3 hits, 1 error, 2 left on base; Iowa 3 - Reno 2 |
| TOP OF THE 9TH |
|
Iowa Cubs batting - Pitching for Reno Aces : RHP Stanford Placard
|
|
Pitching: RHP Bill Pauley
|
|
|
Batting: RHB Andy Wasierski
|
0-0: Called Strike 0-1: Ball 1-1: Ground out 4-3 (Groundball, 34, EV 81.2 MPH)
|
|
Batting: RHB Adam O'Hare
|
0-0: Ball 1-0: Called Strike 1-1: Foul Ball, location: 2F 1-2: Ball 2-2: Ball 3-2: Strikes out looking
|
|
Batting: RHB Pat Barton
|
0-0: Ball 1-0: SINGLE (Groundball, 6MD, EV 105.0 MPH)
|
|
Batting: RHB Brian Gargis
|
0-0: Called Strike 0-1: Foul Ball, location: 2F 0-2: Strikes out swinging
|
| Top of the 9th over - 0 runs, 1 hit, 0 errors, 1 left on base; Iowa 3 - Reno 2 |
| BOTTOM OF THE 9TH |
|
Reno Aces batting - Pitching for Iowa Cubs : RHP Willie Ramos
|
|
Batting: LHB Steve Reinhart
|
0-0: Ball 1-0: Fly out, F8 (Flyball, 8LS, EV 85.6 MPH)
|
|
Batting: LHB Sumiki Okuhara
|
0-0: Ball 1-0: Ball 2-0: Called Strike 2-1: Foul Ball, location: 2F 2-2: Foul Ball, location: 2F 2-2: Ball 3-2: Fly out, F7 (Line Drive, 7S, EV 110.6 MPH)
|
|
Batting: RHB Ji-an Li
|
0-0: Called Strike 0-1: Ball 1-1: Called Strike 1-2: Foul Ball, location: 2F 1-2: Strikes out swinging
|
| Bottom of the 9th over - 0 runs, 0 hits, 0 errors, 0 left on base; Iowa 3 - Reno 2 |
|